 Dungeon Crawl Stone Soup version 0.22-a0-259-gdd11e71 (webtiles) character file.

117610 Zwobot the Nimble (level 16, 73/88 HPs)
             Began as a Spriggan Earth Elementalist on Mar 5, 2018.
             Was an Initiate of Gozag.
             Quit the game on level 1 of the Lair of Beasts.
             The game lasted 02:13:29 (33979 turns).

Zwobot the Nimble (Spriggan Earth Elementalist)    Turns: 33979, Time: 02:13:29

Health: 73/88      AC: 10    Str:  4    XL:     16   Next: 23%
Magic:  42/43      EV: 42    Int: 19    God:    Gozag
Gold:   1174       SH: 13    Dex: 21    Spells: 15/41 levels left

rFire    + . .     SeeInvis +   S - +3 dagger (distort)
rCold    . . .     Gourm    .   F - +1 buckler {AC+3}
rNeg     . . .     Faith    .   k - +2 robe {rF+}
rPois    .         Spirit   .   Q - +2 hat
rElec    .         Reflect  +   y - +0 cloak
rCorr    .         Harm     .   (gloves unavailable)
MR       +++..                  (boots unavailable)
Stlth    +++++.....             N - +3 amulet of reflection
HPRegen  0.24/turn              Z - ring of Phasing {EV+8}
MPRegen  0.28/turn              Y - ring of magical power

@: very quick
A: very small, unfitting armour, repulsion field 1, see invisible, herbivore,
speed 3, magic resistance 1, slow metabolism 2
a: Potion Petition, Call Merchant, Bribe Branch, Renounce Religion


You were on level 1 of the Lair of Beasts.
You worshipped Gozag.
Gozag was most pleased with you.
You were not hungry.

You visited 4 branches of the dungeon, and saw 23 of its levels.
You also visited: Labyrinth and Sewer.

You collected 10067 gold pieces.
You spent 5706 gold pieces at shops.
You paid 3187 gold pieces to Gozag.

Inventory:

Hand Weapons
 w - a +9 dagger of freezing
 S - a +3 dagger of distortion (weapon)
 T - a +0 blowgun
Missiles
 a - 5 throwing nets
 j - 239 stones (quivered)
 x - 20 curare-tipped needles
Armour
 k - a +2 robe of fire resistance (worn)
 y - a +0 cloak (worn)
 F - a +1 buckler of protection (worn)
 Q - a +2 hat (worn)
Jewellery
 g - an uncursed amulet of regeneration
 o - an uncursed amulet of the gourmand {unknown}
 C - an uncursed ring of fire
 H - an uncursed ring of ice
 I - a cursed ring of teleportation {unknown}
 M - an uncursed ring of poison resistance
 N - a +3 amulet of reflection (around neck)
 R - a +5 ring of intelligence
 Y - a ring of magical power (right hand)
 Z - the ring of Phasing (left hand) {EV+8}
   (You bought it in a shop on level 9 of the Dungeon)

   [ring of evasion]

   It affects your evasion (+8).
Wands
 q - a wand of digging (10)
 t - a wand of scattershot (2)
 L - a wand of iceblast (7)
 P - a wand of paralysis (22)
Scrolls
 b - 10 scrolls of remove curse
 f - a scroll of immolation
 h - 7 scrolls of identify
 m - a scroll of enchant armour
 v - 10 scrolls of teleportation
 A - 7 scrolls of amnesia
 B - 2 scrolls of fog
 D - 2 scrolls of magic mapping
 J - 2 scrolls of fear
Potions
 c - a potion of berserk rage {unknown}
 e - 3 potions of mutation
 i - a potion of ambrosia
 l - 5 potions of heal wounds
 n - 6 potions of might
 p - a potion of resistance
 r - 14 potions of curing
 s - 4 potions of brilliance
 u - 7 potions of flight
 z - 5 potions of haste
 E - a potion of magic
 G - a potion of lignification
 K - a potion of invisibility
 U - 3 potions of cancellation
Comestibles
 d - 24 rations


   Skills:
 + Level 11.5 Fighting
 - Level 10.0 Short Blades
 + Level 14.5 Dodging
 - Level 11.7 Stealth
 - Level 7.2 Shields
 + Level 13.1 Spellcasting
 + Level 4.4 Conjurations
 - Level 1.3 Transmutations
 - Level 12.0 Earth Magic
 - Level 5.0 Evocations


You had 15 spell levels left.
You knew the following spells:

 Your Spells              Type           Power        Failure   Level  Hunger
a - Sandblast             Erth           ######       1%          1    None
b - Stone Arrow           Conj/Erth      #####.       1%          3    None
c - Passwall              Tmut/Erth      #####.....   1%          2    None
d - Petrify               Tmut/Erth      #####...     3%          4    #......
e - Lee's Rapid Deconstr  Erth           ######....   1%          5    ####...
f - Iron Shot             Conj/Erth      #####.....   28%         6    ######.
g - Bolt of Magma         Conj/Fire/Erth ####......   16%         5    ####...


Dungeon Overview and Level Annotations

Branches:
Dungeon (14/15)            Temple (0/1) D:7            Lair (6/6) D:8
 Shoals (1/4) Lair:2        Snake (0/4) Lair:2        Slime (0/5) Lair:5
    Orc (2/2) D:12            Elf (0/3) Orc:2        Vaults (0/5) D:14

Altars:
Cheibriados
Dithmenos
Elyvilon
Gozag
Kikubaaqudgha
Makhleb
Nemelex Xobeh
Okawaru
Qazlal
Uskayaw
Yredelemnul
The Shining One
Jiyva

Shops:
D:6 (**%?!   D:9 ==}   Orc:1 *   Orc:2 :(!!   Lair:6 [

Portals:
Pandemonium: Orc:2

Annotations:
D:2 Terence
Lair:6 2 runed doors, exclusion: 4 oklob plants
Orc:1 Gastronok
Orc:2 Zwobot's ghost, journeyman OpAM


Innate Abilities, Weirdness & Mutations

You are very small and have problems with some larger weapons.
You are too small for most types of armour.
You have supernaturally acute eyesight. (SInv)
You are a herbivore.
You cover ground extremely quickly.
You need to consume almost no food.
You are surrounded by a mild repulsion field. (EV +2)
You are resistant to hostile enchantments. (MR+)


Message History

Confirm with . or Enter, or press ? or * to list all spells.
Aiming: Stone Arrow (safe; 1% risk of failure)
Press: ? - help, Shift-Dir - straight line, f/p - harpy
Aim: a harpy (almost dead)
The stone arrow hits the harpy.
You kill the harpy!
Casting: Stone Arrow (safe; 1% risk of failure)
Confirm with . or Enter, or press ? or * to list all spells.
You can't see any susceptible monsters within range! (Use Z to cast anyway.)
(D) Dungeon (T) Temple (L) Lair (A) Shoals (P) Snake Pit (M) Slime Pits (O) Orcish Mines (E) Elven Halls (V) Vaults
Where to? (Enter - Lair:1, ? - help)
You now have 1174 gold pieces (gained 3).
There is a stone staircase leading up here.
You climb upwards.
There is a stone staircase leading down here.
You see here a shiny helmet.
There is a staircase back to the Dungeon here.
Are you sure you want to abandon this character and quit the game? (Confirm with "yes".)

#...............[####......##.#
#..............................
#..............................
#...........................)..
##..............................
#P.P#..#+####.....#...#P.....##.
#..#####.# #..........+.....##.
##.#####.## #.....#......[...###
#.+......# #..@..#...........#.
#..##....# #.....#....#.....#.#
#.###....# #.....#....#.....+..
#.# ##.### #..........#.....###
#.####.# #.....##..P#.....#
#.##.#'#####................###
#..............................
##..............................
#...............................


There were no monsters in sight!

Vanquished Creatures
  An orc warlord (Orc:1)
  An entropy weaver (Lair:4)
  2 slime creatures
  Nessos (Lair:5)
  Josephine (Orc:2)
  Snorg (Lair:6)
  A fire dragon (D:14)
  5 hydras
  Erolcha (D:10)
  4 centaur warriors
  4 two-headed ogres
  A death knight (D:14)
  9 death yaks
  A queen ant (Lair:4)
  4 orc high priests (Orc:2)
  Sonja (D:10)
  Nergalle (Lair:3)
  3 sea snakes (Shoals:1)
  2 unseen horrors (D:11)
  A gelid demonspawn (Orc:2)
  A wolf spider zombie (D:14)
  5 harpies
  A lindwurm (Lair:6)
  A wizard (D:14)
  Pikel (D:7)
  2 orc knights (Orc:2)
  5 orc sorcerers
  A cyclops (D:12)
  7 ugly things
  2 manticores
  A black mamba (shapeshifter) (D:14)
  3 merfolk sirens
  Maurice (D:13)
  7 black mambas
  2 molten gargoyles (Lair:6)
  A torpor snail (Lair:4)
  2 centaur zombies
  4 centaur skeletons (D:14)
  A yaktaur (D:14)
  3 rime drakes
  A kobold demonologist (D:12)
  7 spiny frogs
  11 komodo dragons
  A hellwing (Orc:2)
  An ice devil (Orc:2)
  5 merfolk
  A tengu conjurer (D:14)
  A queen bee (Orc:1)
  3 trolls
  A hornet (D:8)
  A red devil (Orc:2)
  8 blink frogs (Lair:4)
  9 hippogriffs
  A snapping turtle (Shoals:1)
  A vampire (D:11)
  2 shadows
  53 yaks
  A ynoxinul (Orc:2)
  3 wraiths (Orc:2)
  6 wyverns
  A basilisk (shapeshifter) (D:14)
  2 hungry ghosts (Lab)
  2 steam dragons (Lair:6)
  4 basilisks
  4 vampire mosquitoes
  3 wargs
  30 soldier ants
  An acid dragon (D:13)
  11 water moccasins
  4 hell hounds (Lair:6)
  7 porcupines
  4 ice beasts
  5 sky beasts
  27 orc warriors
  2 necrophages
  2 phantoms
  8 wolves
  7 ogres
  8 crocodiles
  7 centaurs
  5 big kobolds
  11 bullfrogs
  A gnoll sergeant (D:9)
  A wyvern zombie (D:12)
  A wyvern skeleton (D:14)
  5 scorpions
  2 water moccasin skeletons
  31 killer bees
  16 wights
  2 vampire bats (Orc:2)
  10 electric eels
  3 howler monkeys
  5 lava snakes (Lair:6)
  4 crimson imps
  A quasit (D:8)
  3 bullfrog zombies (D:12)
  35 orc priests
  5 hounds
  4 jellies
  4 bullfrog skeletons
  Jessica (D:2)
  3 iguanas
  25 orc wizards
  26 worker ants
  A hound zombie (D:7)
  3 hound skeletons (D:6)
  Robin (D:2)
  5 gnolls (D:9)
  19 adders
  4 shadow imps
  2 oozes
  2 adder zombies
  4 adder skeletons
  A worm (D:2)
  A dart slug (D:2)
  9 leopard geckos
  124 orcs
  13 giant cockroaches
  16 goblins
  9 hobgoblins
  A jackal (D:11)
  47 kobolds
  3 quokkas
  7 ball pythons
  14 bats
  6 frilled lizards
  A jackal skeleton (D:4)
  A leopard gecko skeleton (D:5)
  A quokka zombie (D:9)
  7 rats
858 creatures vanquished.

Vanquished Creatures (others)
  A centaur warrior (D:14)
  2 orc high priests (Orc:2)
  A torturous demonspawn (Orc:2)
  An infernal demonspawn (Orc:2)
  4 orc knights
  An orc sorcerer (Orc:2)
  2 cyclopes
  A hellwing (Orc:2)
  An ice devil (Orc:2)
  2 merfolk (Shoals:1)
  A wind drake (Shoals:1)
  A snapping turtle (Shoals:1)
  A wraith (Orc:2)
  10 orc warriors
  4 slaves (D:7)
  A wolf (Lair:6)
  A bullfrog (D:7)
  An orc priest (Orc:2)
  An orc wizard (Orc:1)
  8 orcs
  2 bats (Orc:2)
  12 fungi
  14 plants
73 creatures vanquished.

Grand Total: 931 creatures vanquished

Notes
Turn   | Place    | Note
-------+----------+-------------------------------------------
     0 | D:1      | Zwobot the Spriggan Earth Elementalist began the quest for the Orb.
     0 | D:1      | Reached XP level 1. HP: 9/9 MP: 5/5
   142 | D:1      | Reached XP level 2. HP: 8/13 MP: 1/6
   271 | D:1      | Learned a level 2 spell: Passwall
   379 | D:1      | Found an iron altar of Okawaru.
  1204 | D:2      | Noticed a scorpion
  1225 | D:2      | Killed a scorpion
  1225 | D:2      | Reached skill level 4 in Dodging
  1225 | D:2      | Reached XP level 3. HP: 14/16 MP: 1/9
  1225 | D:2      | Reached XP level 4. HP: 19/21 MP: 1/10
  1237 | D:2      | Noticed Robin
  1555 | D:2      | Learned a level 3 spell: Stone Arrow
  1631 | D:2      | Noticed Jessica
  1634 | D:2      | Killed Jessica
  1634 | D:2      | Reached XP level 5. HP: 21/24 MP: 4/12
  1846 | D:2      | Killed Robin
  2004 | D:2      | Found a snail-covered altar of Cheibriados.
  2005 | D:2      | Found a basalt altar of Yredelemnul.
  2026 | D:2      | Found an opulent altar of Gozag.
  2033 | D:2      | Became a worshipper of Gozag Ym Sagoz the Greedy
  2122 | D:2      | Noticed Terence
  2570 | D:3      | Reached skill level 1 in Conjurations
  2739 | D:3      | Found a glowing golden altar of the Shining One.
  2934 | D:3      | Found a glowing drain.
  2940 | Sewer    | Entered a sewer
  3179 | Sewer    | Reached XP level 6. HP: 26/28 MP: 0/13
  4183 | D:3      | Found a glowing golden altar of the Shining One.
  4539 | D:4      | Found a burning altar of Makhleb.
  4625 | D:4      | Reached XP level 7. HP: 32/32 MP: 5/15
  5054 | D:4      | Reached skill level 5 in Spellcasting
  5342 | D:5      | Entered Level 5 of the Dungeon
  5348 | D:5      | Learned a level 4 spell: Petrify
  5648 | D:5      | Reached skill level 5 in Earth Magic
  6220 | D:5      | Noticed a hippogriff
  6258 | D:5      | Killed a hippogriff
  6258 | D:5      | Reached XP level 8. HP: 25/36 MP: 17/17
  6481 | D:5      | Reached skill level 5 in Dodging
  6728 | D:6      | Got a polished mace
  6937 | D:6      | Reached skill level 5 in Stealth
  6939 | D:6      | Reached skill level 1 in Fighting
  7073 | D:6      | Found Dogufeul's Distillery.
  7080 | D:6      | Bought a potion of brilliance for 44 gold pieces
  7080 | D:6      | Bought a potion of invisibility for 88 gold pieces
  7080 | D:6      | Bought a potion of curing for 33 gold pieces
  7080 | D:6      | Bought a potion of curing for 33 gold pieces
  7080 | D:6      | Bought a potion of lignification for 33 gold pieces
  7080 | D:6      | Bought a potion of invisibility for 88 gold pieces
  7092 | D:6      | Found Zoqeumim's Magic Scroll Boutique.
  7103 | D:6      | Bought a scroll of acquirement for 520 gold pieces
  7130 | D:6      | Bought a scroll of teleportation for 30 gold pieces
  7130 | D:6      | Bought a scroll of teleportation for 30 gold pieces
  7130 | D:6      | Bought a scroll of identify for 20 gold pieces
  7130 | D:6      | Bought a scroll of enchant weapon for 75 gold pieces
  7130 | D:6      | Bought 3 scrolls of enchant weapon for 225 gold pieces
  7130 | D:6      | Bought a scroll of identify for 20 gold pieces
  7136 | D:6      | Bought a ration for 60 gold pieces
  7136 | D:6      | Bought a ration for 60 gold pieces
  7136 | D:6      | Bought a ration for 60 gold pieces
  7136 | D:6      | Bought a ration for 60 gold pieces
  7136 | D:6      | Bought a ration for 60 gold pieces
  7136 | D:6      | Bought a ration for 60 gold pieces
  7205 | D:6      | Learned a level 5 spell: Lee's Rapid Deconstruction
  7214 | D:6      | Found Xut Bijyi's Assorted Antiques.
  7236 | D:6      | Bought a scroll labeled CUTTEC IS PEAXO for 23 gold pieces
  7236 | D:6      | Bought a scroll labeled RARGHE WEHUNNYMOUZ for 23 gold pieces
  7236 | D:6      | Bought a scroll of identify for 46 gold pieces
  7338 | D:6      | Found Lesom's Weapon Shop.
  7400 | D:6      | Found Zurhum's General Store.
  7690 | D:7      | Reached skill level 6 in Dodging
  7714 | D:7      | Found a staircase to the Ecumenical Temple.
  7806 | D:7      | Reached XP level 9. HP: 42/42 MP: 7/20
  7974 | D:7      | Noticed Pikel
  8020 | D:7      | Killed Pikel
  8020 | D:7      | Reached skill level 7 in Dodging
  8065 | D:7      | Found a glowing golden altar of the Shining One.
  8286 | D:7      | Reached skill level 1 in Short Blades
  8376 | D:7      | Found a stormy altar of Qazlal.
  8712 | D:7      | Reached skill level 8 in Dodging
  8867 | D:8      | Reached XP level 10. HP: 49/49 MP: 9/23
  9384 | D:8      | Found a sparkling altar of Nemelex Xobeh.
  9651 | D:8      | Found a staircase to the Lair.
  9841 | D:9      | Found a hide-covered altar of Uskayaw.
  9860 | Lair:1   | Entered Level 1 of the Lair of Beasts
  9875 | Lair:1   | Reached skill level 9 in Dodging
  9926 | Lair:1   | Noticed a black mamba
  9936 | Lair:1   | Killed a black mamba
 10120 | Lair:1   | Noticed a spiny frog
 10133 | Lair:1   | Killed a spiny frog
 10830 | Lair:2   | Noticed a spiny frog
 10837 | Lair:2   | Killed a spiny frog
 10864 | Lair:2   | Found a labyrinth entrance.
 10873 | Lab      | Entered a labyrinth
 11150 | Lab      | Noticed a minotaur
 11440 | Lab      | HP: 1/51 [minotaur/shimmering great sword {flame} (9)]
 11448 | Lab      | Identified the Incunabulum of Supportive Darkness
 11449 | Lab      | Found the +27 Lear's hauberk
 11467 | Lair:2   | Reached skill level 5 in Short Blades
 11521 | Lair:2   | Reached XP level 11. HP: 54/54 MP: 17/25
 11558 | Lair:2   | Found a staircase to the Shoals.
 11593 | Lair:2   | Reached skill level 10 in Dodging
 11685 | Lair:2   | Reached skill level 5 in Fighting
 11961 | Lair:2   | Found a staircase to the Snake Pit.
 12951 | Lair:3   | Reached skill level 10 in Spellcasting
 13308 | Lair:3   | Noticed Nergalle
 13604 | Lair:4   | Reached skill level 11 in Dodging
 13767 | Lair:4   | Reached skill level 10 in Earth Magic
 14050 | Lair:3   | Killed Nergalle
 14103 | Lair:4   | Reached XP level 12. HP: 60/60 MP: 22/27
 14387 | Lair:4   | Noticed an entropy weaver
 14396 | Lair:4   | Noticed an entropy weaver
 14942 | Lair:4   | Noticed a queen ant
 15152 | Lair:4   | Killed an entropy weaver
 15358 | Lair:4   | Killed a queen ant
 16249 | Lair:5   | Noticed a death yak
 16249 | Lair:5   | Noticed a death yak
 16249 | Lair:5   | Noticed a death yak
 16250 | Lair:5   | Noticed a death yak
 16251 | Lair:5   | Noticed a death yak
 16412 | Lair:5   | Noticed Nessos
 16856 | D:9      | Reached skill level 5 in Shields
 16948 | D:9      | Found Omamyone's Gadget Emporium.
 16952 | D:9      | Bought a wand of paralysis (15) for 187 gold pieces
 16960 | D:9      | Bought a +3 amulet of reflection for 188 gold pieces
 17005 | D:9      | Reached skill level 1 in Evocations
 17812 | D:9      | Found a stormy altar of Qazlal.
 17937 | D:10     | Entered Level 10 of the Dungeon
 18562 | D:10     | Noticed Sonja
 18565 | D:10     | Killed Sonja
 18582 | D:10     | Noticed Erolcha
 18628 | D:10     | Killed Erolcha
 18945 | D:10     | Noticed a two-headed ogre
 18956 | D:10     | Killed a two-headed ogre
 18956 | D:10     | Reached XP level 13. HP: 62/65 MP: 20/28
 19492 | D:11     | Reached skill level 5 in Evocations
 19680 | D:11     | Found a white marble altar of Elyvilon.
 20053 | D:11     | Found Ygiwkil's Food Emporium.
 20061 | D:11     | Bought a ration for 55 gold pieces
 20061 | D:11     | Bought a ration for 55 gold pieces
 20061 | D:11     | Bought a ration for 55 gold pieces
 20061 | D:11     | Bought a ration for 55 gold pieces
 20061 | D:11     | Bought a ration for 55 gold pieces
 20061 | D:11     | Bought a ration for 55 gold pieces
 20061 | D:11     | Bought a ration for 55 gold pieces
 20061 | D:11     | Bought a ration for 55 gold pieces
 20061 | D:11     | Bought a ration for 55 gold pieces
 20061 | D:11     | Bought a ration for 55 gold pieces
 20635 | D:12     | Reached XP level 14. HP: 74/74 MP: 29/29
 20913 | D:12     | Found a staircase to the Orcish Mines.
 21248 | D:9      | Bought the ring of Phasing {EV+8} for 1536 gold pieces
 21248 | D:9      | Found the ring of Phasing {EV+8}
 21893 | D:13     | Noticed Maurice
 21902 | D:13     | Killed Maurice
 22258 | D:13     | Found a shadowy altar of Dithmenos.
 22260 | D:13     | Reached skill level 12 in Dodging
 22563 | D:14     | Found a gate to the Vaults.
 23043 | D:14     | Reached skill level 10 in Short Blades
 23650 | D:14     | Found an ancient bone altar of Kikubaaqudgha.
 23764 | D:14     | Reached XP level 15. HP: 68/80 MP: 10/31
 24163 | D:14     | Reached skill level 10 in Fighting
 24582 | Lair:5   | Killed Nessos
 24947 | Lair:5   | Reached skill level 13 in Dodging
 25231 | Lair:5   | Found a staircase to the Slime Pits.
 25232 | Lair:5   | Found a viscous altar of Jiyva.
 25512 | Lair:5   | Reached skill level 10 in Stealth
 26736 | Lair:5   | Found a hide-covered altar of Uskayaw.
 27275 | Lair:6   | Entered Level 6 of the Lair of Beasts
 28554 | Lair:6   | Found a large runed door.
 28555 | Lair:6   | Found a large runed door.
 29067 | Lair:6   | Noticed Snorg
 29085 | Lair:6   | Killed Snorg
 29553 | Lair:6   | Bought a +2 robe of fire resistance for 247 gold pieces
 29553 | Lair:6   | Bought a +1 buckler of protection for 231 gold pieces
 29828 | Orc:1    | Entered Level 1 of the Orcish Mines
 29828 | Orc:1    | Found Mem Nuve's Assorted Antiques.
 29830 | Orc:1    | Noticed an orc warlord
 29942 | Orc:1    | Killed an orc warlord
 30070 | Orc:2    | Entered Level 2 of the Orcish Mines
 30070 | Orc:2    | Found a staircase to the Elven Halls.
 30618 | Orc:2    | Noticed Josephine
 30622 | Orc:2    | Killed Josephine
 30651 | Orc:2    | Found Foeg's Distillery.
 30686 | Orc:2    | Found Cutal's Distillery.
 31249 | Orc:2    | Bought a potion of heal wounds for 85 gold pieces
 31249 | Orc:2    | Bought a potion of heal wounds for 85 gold pieces
 31249 | Orc:2    | Bought a potion of curing for 51 gold pieces
 31251 | Orc:2    | Bought 2 potions of heal wounds for 180 gold pieces
 31388 | Orc:2    | Gained mutation: Armour fits poorly on your strangely shaped body. [a neqoxec]
 31398 | Orc:2    | Gained mutation: You tend to lose your temper in combat. [a neqoxec]
 31682 | Orc:2    | Lost mutation: You tend to lose your temper in combat. [potion of mutation]
 31682 | Orc:2    | Lost mutation: Armour fits poorly on your strangely shaped body. [potion of mutation]
 31682 | Orc:2    | Gained mutation: You are resistant to hostile enchantments. (MR+) [potion of mutation]
 31682 | Orc:2    | Gained mutation: You are surrounded by a mild repulsion field. (EV +2) [potion of mutation]
 31750 | Orc:2    | Reached skill level 14 in Dodging
 31827 | Orc:2    | Found Himme's Antique Weapon Emporium.
 31827 | Orc:2    | Found a one-way gate leading to the halls of Pandemonium.
 31827 | Orc:2    | Found Aczas's Book Shoppe.
 31849 | Orc:2    | Bought a book of Power for 675 gold pieces
 31856 | Orc:2    | Learned a level 6 spell: Iron Shot
 31862 | Orc:2    | Learned a level 5 spell: Bolt of Magma
 32038 | Orc:2    | Reached XP level 16. HP: 73/87 MP: 33/33
 32388 | Orc:2    | Noticed Zwobot's ghost (journeyman OpAM)
 32846 | Orc:1    | Noticed Gastronok
 33290 | Shoals:1 | Entered Level 1 of the Shoals
 33979 | Lair:1   | Quit the game

Vault maps used:
D:1:      minmay_arrival_diagonal_passages, okawaru_ov_weapons_minmay
D:2:      grunt_temple_overflow_open, grunt_gozag_statues, uniq_robin,
          uniq_jessica, uniq_terence
D:3:      nicolae_overflow_hidden_temple, gup_sewer_entry_pipe, tso_metal_star
D:4:      lemuel_round_altar, first_ration, st_stairs_8, serial_bayou_lagoon_a
D:6:      serial_shops, kennysheep_mini, shop, nicolae_shop_crystal, shop_coins,
          shop
D:7:      minmay_temple_entry_water_ring, basic_altar,
          nicolae_qazlal_general_emergency, uniq_pikel
D:8:      nicolae_overflow_crystal_walls, david_lair_shrubbed
D:9:      kennysheep_little_box, overflow_temple_1_default, serial_shops, shop
D:10:     hangedman_fish_farm, uniq_sonja, uniq_erolcha
D:11:     wad_river_or_something, serial_shops, nicolae_shop_statue_plus,
          basic_altar
D:12:     orc_0_dummy
D:13:     grunt_dithmenos_smoke_and_mirrors, uniq_maurice
D:14:     minmay_eight_partial_circles, kennysheep_nub, basic_altar
Lair:2:   elwin_shoals_entry_rooms, minmay_snake_entry_six_corridors,
          lab_entry_generic
Lair:3:   serial_bayou_lake_a, uniq_nergalle
Lair:4:   minivault_29
Lair:5:   beast_lair_carwin_large_3, slime_altar_1, basic_altar,
          serial_bayou_pond_b, uniq_nessos
Lair:6:   cheibrodos_lair_end_hotspot, serial_bayou_crossing,
          minmay_lair_oklob_chamber, uniq_snorg
Shoals:1: nicolae_shoals_aquamancer_cove
Orc:1:    special_room, serial_shops, shop, uniq_gastronok
Orc:2:    pf_orc_diabolical, roderic_batcave, uniq_josephine
Lab:      labyrinth_spiral, nicolae_lab_lava, labyrinth_glass_1,
          nicolae_lab_starburst, nicolae_lab_blocks, lab_statue,
          labyrinth_lava_lair, nicolae_lab_garden
Sewer:    kennysheep_pipe_town

Skill      XL: |  1  2  3  4  5  6  7  8  9 10 11 12 13 14 15 16 |
---------------+-------------------------------------------------+-----
Spellcasting   | 3 4 5 6 8 9 10 11 12 13 | 13.1
Earth Magic    | 3 4 5 6 7 8 10 11 12 | 12.0
Dodging        | 4 6 8 9 11 12 14 | 14.5
Stealth        | 4 6 7 9 11 | 11.7
Conjurations   | 1 2 3 4 |  4.4
Fighting       | 2 3 4 5 6 8 9 11 | 11.5
Short Blades   | 3 5 6 7 9 10 | 10.0
Shields        | 6 7 |  7.2
Evocations     | 4 5 |  5.0
Transmutations | |  1.3

Action                   |  1- 3 |  4- 6 |  7- 9 | 10-12 | 13-15 | 16-18 || total
-------------------------+-------+-------+-------+-------+-------+-------++-------
Melee: Unarmed           |     4 |       |       |       |       |       ||     4
       Dagger            |    20 |   187 |    14 |   497 |  1226 |   263 ||  2207
       Short sword       |       |    38 |       |       |       |       ||    38
       Spear             |       |    24 |    91 |       |       |       ||   115
       Whip              |       |     8 |       |       |       |       ||     8
Throw: Tomahawk          |       |     2 |       |       |       |       ||     2
 Cast: Sandblast         |    29 |    69 |   113 |   112 |    41 |       ||   364
       Stone Arrow       |       |    47 |    48 |    92 |   143 |    19 ||   349
       Petrify           |       |       |       |    56 |    18 |       ||    74
       Lee's Rapid Decon |       |       |       |    39 |   107 |     3 ||   149
Invok: Call Merchant     |       |       |     1 |     2 |     1 |       ||     4
Evoke: Wand              |       |       |       |     3 |    21 |     2 ||    26
  Use: Potion            |       |     2 |     1 |     7 |     6 |       ||    16
       Scroll            |       |     7 |    10 |    15 |    10 |     2 ||    44
 Stab: Sleeping          |     5 |    11 |    15 |    25 |    12 |     3 ||    71
       Distracted        |     1 |     2 |     3 |     8 |    12 |     1 ||    27
       Petrified         |       |       |       |    25 |    20 |       ||    45
       Invisible         |       |       |       |     2 |       |       ||     2
       Petrifying        |       |       |       |    10 |     1 |       ||    11
       Paralysed         |       |       |       |       |     3 |       ||     3
  Eat: Ration            |       |     4 |     3 |    11 |    17 |       ||    35
Armor: Robe              |     4 |    26 |     5 |     9 |    33 |     9 ||    86
       Skin              |       |       |    17 |       |       |       ||    17
Dodge: Dodged            |    34 |   284 |   106 |   391 |   593 |   157 ||  1565
Block: Buckler           |       |       |       |    76 |   438 |   102 ||   616
       Reflection        |       |       |       |     4 |    15 |     5 ||    24

Table legend:
 A = Spawn XP
 B = Non-spawn XP
 C = Spawn XP percentage of total XP
 D = Spawn monster count
 E = Non-spawn monster count
 F = Spawn count percentage of total count
 G = Total turns spent on level
                    A         B        C        D         E        F      G
               +---------+---------+-------+---------+---------+-------+---------
         Total |       0 |  137145 |   0.0 |       0 |     897 |   0.0 | 33979
               +---------+---------+-------+---------+---------+-------+---------
           D:1 |       0 |      33 |   0.0 |       0 |      22 |   0.0 |  1211
           D:2 |       0 |     229 |   0.0 |       0 |      40 |   0.0 |  1375
           D:3 |       0 |     180 |   0.0 |       0 |      36 |   0.0 |   839
           D:4 |       0 |      79 |   0.0 |       0 |       8 |   0.0 |   865
           D:5 |       0 |    1104 |   0.0 |       0 |      18 |   0.0 |  1378
           D:6 |       0 |     581 |   0.0 |       0 |      27 |   0.0 |   943
           D:7 |       0 |    2649 |   0.0 |       0 |      31 |   0.0 |  1180
           D:8 |       0 |    1982 |   0.0 |       0 |      39 |   0.0 |  1235
           D:9 |       0 |    2548 |   0.0 |       0 |      45 |   0.0 |  1387
          D:10 |       0 |    5265 |   0.0 |       0 |      37 |   0.0 |  1520
          D:11 |       0 |    6931 |   0.0 |       0 |      39 |   0.0 |  1093
          D:12 |       0 |   10110 |   0.0 |       0 |      55 |   0.0 |  1465
          D:13 |       0 |    4537 |   0.0 |       0 |      24 |   0.0 |   925
          D:14 |       0 |   18071 |   0.0 |       0 |      48 |   0.0 |  1545
        Lair:1 |       0 |    1997 |   0.0 |       0 |       7 |   0.0 |  1155
        Lair:2 |       0 |    6441 |   0.0 |       0 |      31 |   0.0 |  1643
        Lair:3 |       0 |    3401 |   0.0 |       0 |      15 |   0.0 |  1282
        Lair:4 |       0 |   13881 |   0.0 |       0 |      71 |   0.0 |  3092
        Lair:5 |       0 |   12224 |   0.0 |       0 |      29 |   0.0 |  2669
        Lair:6 |       0 |   11306 |   0.0 |       0 |      39 |   0.0 |  1865
      Shoals:1 |       0 |    6129 |   0.0 |       0 |      14 |   0.0 |   364
         Orc:1 |       0 |    7182 |   0.0 |       0 |      80 |   0.0 |   851
         Orc:2 |       0 |   19673 |   0.0 |       0 |     116 |   0.0 |  2465
           Lab |       0 |     381 |   0.0 |       0 |       2 |   0.0 |   580
         Sewer |       0 |     231 |   0.0 |       0 |      24 |   0.0 |  1052
               +---------+---------+-------+---------+---------+-------+---------
